 Dungeon Crawl Stone Soup version 0.28.0-53-g5a82cb258f (webtiles) character file.

Game seed: 6513749476484064539

70 pkoi the Gusty (level 3, 0/26 HPs)
             Began as a Demigod Air Elementalist on May 31, 2022.
             Succumbed to an adder's poison
             ... on level 3 of the Dungeon.
             The game lasted 00:03:05 (2293 turns).

pkoi the Gusty (Demigod Air Elementalist)           Turns: 2293, Time: 00:03:05

Health: 0/26       AC:  2    Str:  9    XL:     3   Next: 77%
Magic:  3/8        EV: 12    Int: 21    God:
Gold:   109        SH:  0    Dex: 14    Spells: 3/6 levels left

rFire   + . .      SeeInvis .   l - +0 hand axe (freeze)
rCold   + . .      Faith    .   (no shield)
rNeg    . . .      Spirit   .   a - +0 robe
rPois   +          Reflect  .   (no helmet)
rElec   +          Harm     .   (no cloak)
rCorr   +          Rampage  .   (no gloves)
Will    .....                   (no boots)
Stlth   ++........              (no amulet)
HPRegen 0.08/turn               (no ring)
MPRegen 0.11/turn               (no ring)

@: lethally poisoned (0 -> -1), resistant
A: high MP 1, forlorn, divine attributes
a: no special abilities


You were on level 3 of the Dungeon.
You visited 1 branch of the dungeon, and saw 3 of its levels.

You collected 109 gold pieces.

Inventory:

Hand Weapons
 d - a +1 dagger
 l - a +0 hand axe of freezing (weapon)
 n - a +0 dagger of flaming
Missiles
 e - 5 poisoned darts
Armour
 a - a +0 robe (worn)
Scrolls
 b - a scroll of blinking
 c - 3 scrolls of identify {unknown}
 f - a scroll of teleportation
Potions
 g - a potion of brilliance {unknown}
 h - a potion of haste {unknown}
 i - a potion of cancellation {unknown}
 k - a potion of curing {unknown}


   Skills:
 - Level 1.7 Dodging
 - Level 1.7 Stealth
 - Level 2.0 Spellcasting
 - Level 1.0 Conjurations
 + Level 4.3 Air Magic


You had 3 spell levels left.
You knew the following spells:

 Your Spells              Type           Power      Damage    Failure   Level
a - Shock                 Conj/Air       52%        1d6       4%          1
b - Static Discharge      Conj/Air       13%        N/A       8%          2

Your spell library contained the following spells:

 Spells                   Type           Power      Damage    Failure   Level
 Swiftness                Air            20%        N/A       8%          3
 Inner Flame              Hex/Fire       2%         N/A       41%         3
 Airstrike                Air            10%        N/A       24%         4
 Cause Fear               Hex            1%         N/A       82%         4
 Discord                  Hex            1%         N/A       100%        8


Dungeon Overview and Level Annotations

Branches:
Dungeon (3/15)

Annotations:
D:2 1 runed translucent door, Crazy Yiuf
D:3 Robin


Innate Abilities, Weirdness & Mutations

You have an increased reservoir of magic. (+10% MP)
You shall have no god before yourself.
Your divine heritage dramatically boosts your attributes as you level up.


Message History

The goblin barely misses you. The goblin hits you with a +0 club.
* * * LOW HITPOINT WARNING * * *
Aiming: Shock (safe; 4% risk of failure)
Press: ? - help, Q - select action, (/) - cycle Shift-Dir - straight line, f - goblin
Aim: a goblin, wielding a +0 club (moderately wounded, strong, 60% to hit)
You miscast Shock.
You are very lightly contaminated with residual magic.
Nothing appears to happen.
The goblin barely misses you.
Aiming: Shock (safe; 4% risk of failure)
Press: ? - help, Q - select action, (/) - cycle Shift-Dir - straight line, f/p - goblin
Aim: a goblin, wielding a +0 club (moderately wounded, strong, 60% to hit)
The zap misses the goblin.
The goblin hits you but does no damage.
Unknown command.
You don't have enough magic to cast this spell.
You don't have enough magic to cast this spell.
Unknown command.
Your magical contamination has completely faded away.
The goblin no longer looks unusually strong.
You see here a +0 leather armour.
An adder comes into view.
The adder moves out of view.
A hobgoblin comes into view.
The adder bites you.
* * * LOW HITPOINT WARNING * * *
The hobgoblin shouts!
The adder bites you.
* * * LOW HITPOINT WARNING * * *
You are poisoned.
The adder poisons you!
You feel sick. The adder barely misses you.
You feel sick. The adder bites you.
* * * LOW HITPOINT WARNING * * *
* * * LOW HITPOINT WARNING * * *
You feel sick.
It was a potion of resistance.
You feel protected.
You die...

#.#...†#.# .....†... ##
#....#.# #..
#....#.#### #.#
#....#.##<# #.#
#......##.# #.#
#.....###.#
#.#########..g#.....#
#.#.........gS@.....#
#........##.###..##.#
#.#.#....##......##.#
#####.#.##########..#.#
#.....#.###### ...#.#
#.##..#......+ .....#
#...######## ...#.##
#.[## .. #..#


You could see an adder, a hobgoblin and a goblin.

Vanquished Creatures
  An adder (D:2)
  A dart slug (D:2)
  4 orcs (D:2)
  3 endoplasms
  3 giant cockroaches
  3 hobgoblins
  3 jackals (D:1)
  2 quokkas (D:2)
  4 ball pythons
  6 bats
  3 frilled lizards
  11 goblins
  3 kobolds
  3 rats
50 creatures vanquished.

Notes
Turn   | Place    | Note
-------+----------+-------------------------------------------
     0 | D:1      | pkoi the Demigod Air Elementalist began the quest for the
                  | Orb.
     0 | D:1      | Reached XP level 1. HP: 14/14 MP: 5/5
   266 | D:1      | Reached skill level 3 in Air Magic
   497 | D:1      | Reached XP level 2. HP: 20/20 MP: 0/7
  1188 | D:2      | Learned a level 2 spell: Static Discharge
  1308 | D:2      | Reached XP level 3. HP: 26/26 MP: 6/8
  1434 | D:2      | Reached skill level 1 in Conjurations
  1500 | D:2      | Reached skill level 4 in Air Magic
  1881 | D:2      | Found a runed translucent door.
  1882 | D:2      | Noticed Crazy Yiuf
  2223 | D:3      | Noticed Robin
  2292 | D:3      | HP: 1/26 [poisoned by an adder]
  2293 | D:3      | Succumbed to an adder's poison

Illustrated notes

Levels and vault maps discovered:
D:1:      evilmike_arrival_hilbert_curve, layout_basic, basic_ecumenical_altar
D:2:      layout_loops_ring, chequers_avenue, minmay_cupped,
          uniq_crazy_yiuf_cottage
D:3:      layout_basic, fedhas_altar_1, zin_purify, lemuel_flame_loot_1,
          uniq_robin

Skill      XL: |  1  2  3 |
---------------+----------+-----
Air Magic      | 3 4 |  4.3
Conjurations   | 1 |  1.0
Spellcasting   | 2 |  2.0
Dodging        | |  1.7
Stealth        | |  1.7

Action                   || total
-------------------------++-------
Melee: Dagger            ||     7
       Hand axe          ||     2
 Cast: Shock             ||    95
  Use: Scroll            ||     4
       Potion            ||     1
Armor: Robe              ||     6
Dodge: Dodged            ||    32
